 Dungeon Crawl Stone Soup version 0.19.1 (webtiles) character file.

746 dvd the Slasher (level 7, -6/60 HPs)
             Began as a Minotaur Gladiator on Dec 4, 2016.
             Was a Follower of Uskayaw.
             Mangled by Duvessa
             ... wielding a +0 short sword
              (16 damage)
             ... on level 5 of the Dungeon.
             The game lasted 00:11:25 (4446 turns).

dvd the Slasher (Minotaur Gladiator)                Turns: 4446, Time: 00:11:25

Health: -6/60      AC:  5    Str: 20    XL:     7   Next: 48%
Magic:  1/6        EV: 11    Int:  9    God:    Uskayaw [*.....]
Gold:   305        SH:  3    Dex: 12    Spells: 0 memorised, 6 levels left

rFire  . . .     SeeInvis .     a - +0 long sword
rCold  . . .     Gourm    +     w - -2 scale mail (curse)
rNeg   . . .     Faith    .     u - +0 buckler
rPois  .         Spirit   .     c - +0 hat
rElec  .         Reflect  .     (no cloak)
rCorr  .         Harm     .     (no gloves)
MR     .....                    (no boots)
Stlth  ..........               y - amulet of the gourmand
                                (no ring)
                                i - +4 ring of intelligence

@: no status effects
A: retaliatory headbutt, horns 2
a: Stomp, Renounce Religion


You were on level 5 of the Dungeon.
You worshipped Uskayaw.
Uskayaw was noncommittal.
You were very full.

You visited 2 branches of the dungeon, and saw 6 of its levels.

You collected 305 gold pieces.

Inventory:

Hand Weapons
 a - a +0 long sword (weapon)
 b - a +1 dagger of holy wrath
 r - a +0 dagger of holy wrath
 t - a +2 dagger of chaos
 v - a cursed -1 mace
Missiles
 d - 4 throwing nets (quivered)
Armour
 c - a +0 hat (worn)
 g - a +0 ring mail
 u - a +0 buckler (worn)
 w - a cursed -2 scale mail (worn)
Jewellery
 i - a +4 ring of intelligence (left hand)
 y - an amulet of the gourmand (around neck)
Wands
 q - a wand of slowing (6/48)
Scrolls
 k - 4 scrolls of identify
Potions
 e - 2 potions of curing
 h - 2 potions of resistance {unknown}
 j - a potion of invisibility {unknown}
 l - a potion of might {unknown}
 m - a potion of brilliance {unknown}
 n - 5 potions of agility {unknown}
 o - 3 potions of heal wounds
 p - a potion of berserk rage {unknown}
 s - a potion of lignification {unknown}
 x - a potion of mutation {unknown}
 z - a potion of flight {unknown}
Comestibles
 f - 4 bread rations


   Skills:
 + Level 4.8 Fighting
 + Level 7.1 Long Blades
 + Level 2.2 Throwing
 + Level 4.1 Armour
 + Level 5.1 Dodging
 + Level 0.8 Stealth
 + Level 0.8 Shields


You had 6 spell levels left.
You didn't know any spells.

Dungeon Overview and Level Annotations

Branches:
Dungeon (5/15)             Temple (1/1) D:4

Altars:
Cheibriados
Dithmenos
Elyvilon
Fedhas
Gozag
Kikubaaqudgha
Makhleb
Nemelex Xobeh
Okawaru
Qazlal
Ru
Sif Muna
Uskayaw
Vehumet
Xom
Yredelemnul
Zin
The Shining One

Shops:
D:4 !

Annotations:
D:5 Duvessa


Innate Abilities, Weirdness & Mutations

You reflexively headbutt those who attack you in melee.
You have a pair of horns on your head.


Message History

* * * LOW HITPOINT WARNING * * *
You stomp with the beat, sending a shockwave through the revelers around you!
Duvessa is almost dead.
You feel somewhat less full.
You can no longer pass through a line of other dancers.
Duvessa hits you with a short sword.
* * * LOW HITPOINT WARNING * * *
Unknown command.
You hit Duvessa but do no damage.
Duvessa is almost dead.
Duvessa barely misses you.
You riposte.
Your scale mail prevents you from hitting Duvessa.
You headbutt Duvessa, but do no damage.
Duvessa is almost dead.
Duvessa completely misses you. You furiously retaliate!
You headbutt Duvessa, but do no damage. You hit Duvessa but do no damage.
Duvessa is almost dead.
Duvessa hits you with a short sword!
You die...

.......
#####.......
#...........#
#........)..#
#...........
#...........
#...)....#
#..e@....#
#........#
#........#
#######........#
............####
######.###.# #.#
#.# #.# ...
########.##..##


You could see Duvessa (berserk).

Vanquished Creatures
  A phantom (D:5)
  2 scorpions (D:5)
  Dowan (D:5)
  A howler monkey (D:4)
  A crimson imp (D:4)
  An orc priest (D:5)
  A centaur skeleton (D:4)
  A gnoll shaman (D:3)
  2 worker ants
  An iguana (D:3)
  2 orc wizards (D:4)
  7 gnolls
  6 adders
  An ooze (D:2)
  An adder skeleton (D:5)
  A worm (D:2)
  3 dart slugs (D:3)
  2 leopard geckos (D:3)
  7 orcs
  A ball python (D:3)
  10 bats
  4 giant cockroaches
  5 goblins
  11 hobgoblins
  3 jackals (D:1)
  9 kobolds
  2 quokkas
  4 frilled lizards
  A leopard gecko zombie (D:5)
  14 rats
106 creatures vanquished.

Vanquished Creatures (others)
  A quokka (D:4)
1 creature vanquished.

Grand Total: 107 creatures vanquished

Notes
Turn   | Place    | Note
-------+----------+-------------------------------------------
     0 | D:1      | dvd the Minotaur Gladiator began the quest for the Orb.
     0 | D:1      | Reached XP level 1. HP: 18/18 MP: 0/0
    77 | D:1      | Reached XP level 2. HP: 24/25 MP: 1/1
   465 | D:1      | Reached skill level 4 in Long Blades
   746 | D:2      | Reached XP level 3. HP: 24/30 MP: 2/2
  1252 | D:2      | Reached XP level 4. HP: 35/37 MP: 3/3
  1522 | D:2      | Reached skill level 1 in Armour
  1561 | D:3      | HP: 1/37 [iguana (12)]
  1916 | D:3      | Reached skill level 5 in Long Blades
  1916 | D:3      | Reached XP level 5. HP: 44/44 MP: 4/4
  2691 | D:4      | Noticed a phantom
  2722 | D:4      | Reached XP level 6. HP: 35/51 MP: 5/5
  3160 | D:4      | Found Gakkaiq's Distillery.
  3166 | D:4      | Reached skill level 6 in Long Blades
  3273 | D:4      | Found a burning altar of Makhleb.
  3274 | D:4      | Found a shimmering altar of Xom.
  3724 | D:4      | Found a staircase to the Ecumenical Temple.
  3733 | Temple   | Entered the Ecumenical Temple
  3842 | Temple   | Became a worshipper of Uskayaw the Reveler
  3894 | D:5      | Entered Level 5 of the Dungeon
  3977 | D:5      | Reached * piety under Uskayaw
  3980 | D:5      | Reached ** piety under Uskayaw
  4167 | D:5      | Reached skill level 5 in Dodging
  4167 | D:5      | Reached XP level 7. HP: 37/59 MP: 6/6
  4431 | D:5      | Noticed Dowan
  4432 | D:5      | Noticed Duvessa
  4439 | D:5      | Killed Dowan
  4439 | D:5      | Reached skill level 7 in Long Blades
  4446 | D:5      | Mangled by Duvessa

Skill      XL: |  1  2  3  4  5  6  7 |
---------------+----------------------+-----
Long Blades    | 4 5 6 7 |  7.1
Dodging        | 4 5 |  5.1
Armour         | 2 3 4 |  4.1
Fighting       | 3 4 |  4.8
Throwing       | |  2.2
Stealth        | |  0.8
Shields        | |  0.8

Action                   |  1- 3 |  4- 6 |  7- 9 || total
-------------------------+-------+-------+-------++-------
Melee: Long sword        |    67 |   158 |    23 ||   248
       Headbutt          |    10 |    30 |     5 ||    45
Invok: Stomp             |       |       |     3 ||     3
       Line Pass         |       |       |     1 ||     1
  Use: Potion            |       |     2 |       ||     2
       Scroll            |       |     6 |       ||     6
  Eat: Chunk             |     1 |    20 |     2 ||    23
Armor: Leather armour    |    25 |     8 |       ||    33
       Robe              |       |     7 |       ||     7
       Ring mail         |       |     7 |       ||     7
       Scale mail        |       |     2 |     6 ||     8
Dodge: Dodged            |    45 |   105 |    17 ||   167
Block: Buckler           |       |    19 |     5 ||    24
       Rpst.: Long sword |    13 |    30 |     5 ||    48
